[Event "IND-ch Senior Open 2019"]
[Site "Mazitar"]
[Date "2019.12.11"]
[Round "2.14"]
[White "Manigandan, S S"]
[Black "Shyaamnikhil P"]
[Result "0-1"]
[ECO "D32"]
[WhiteElo "2164"]
[BlackElo "2455"]
[Annotator "ChessBase"]
[PlyCount "44"]
[EventDate "2018.12.08"]
[EventType "swiss"]
[EventRounds "11"]
[EventCountry "IND"]
[SourceTitle "playchess.com"]
[Source "ChessBase"]
[SourceQuality "1"]
[TimeControl "40/5400+30:1800+30"]

1. d4 Nf6 2. c4 e6 3. Nf3 c5 4. e3 d5 5. Nc3 Nc6 6. a3 a6 7. dxc5 Bxc5 8. b4 Ba7 9. c5 e5 10. Qc2 O-O 11. e4 Nd4 12. Nxd4 exd4 13. Nxd5 Nxd5 14. exd5 Qxd5 15. f3 d3 16. Qc3 Bb8 17. Rb1 Re8+ 18. Kd1 Bd7 19. Qxd3 Ba4+ 20. Kd2 Bf4+ 21. Kc3 Be5+ 22. Kd2 Qa2+ 0-1

[Event "IND-ch Senior Open 2019"]
[Site "Mazitar"]
[Date "2019.12.11"]
[Round "2.15"]
[White "Shetty Rahul"]
[Black "Laxman, R.R."]
[Result "0-1"]
[ECO "E20"]
[WhiteElo "2148"]
[BlackElo "2444"]
[Annotator "NA"]
[PlyCount "100"]
[EventDate "2018.12.08"]
[EventType "swiss"]
[EventRounds "11"]
[EventCountry "IND"]
[SourceTitle "playchess.com"]
[Source "ChessBase"]
[SourceQuality "1"]
[TimeControl "40/5400+30:1800+30"]

1. Nf3 d5 2. d4 Nf6 3. c4 e6 4. Nc3 Bb4 5. Bg5 h6 6. Bxf6 Qxf6 7. Qa4+ Nc6 8. Ne5 Bd7 9. Nxd7 Qxd4 10. Qc2 Kxd7 11. e3 Qe5 12. cxd5 exd5 13. Be2 Rhd8 14. O-O Bxc3 15. bxc3 Ke7 16. Rab1 Rab8 17. Rfd1 Kf8 18. Bf3 Ne7 19. c4 c6 20. cxd5 cxd5 21. Rb4 b6 22. Qa4 Rbc8 23. Rbd4 Qb8 24. g4 Rc5 25. h3 Qc7 26. Qb3 Rc3 27. Qb1 Rc4 28. Qb3 Rxd4 29. Rxd4 Qc5 30. Qd1 g5 31. e4 Nc6 32. Rxd5 Rxd5 33. exd5 Nd4 34. Be4 b5 35. Kg2 a5 36. h4 Qc4 37. hxg5 hxg5 38. Qh1 Ne6 39. Qh7 Nf4+ 40. Kg3 Qc3+ 41. Kh2 Qg7 42. Qf5 Qh6+ 43. Kg1 Qh3 44. Qc8+ Kg7 45. Qc2 Qxg4+ 46. Kf1 Qh3+ 47. Kg1 b4 48. d6 Qg4+ 49. Kf1 Qh3+ 50. Kg1 Qe6 0-1

[Event "IND-ch Senior Open 2019"]
[Site "Mazitar"]
[Date "2019.12.11"]
[Round "2.16"]
[White "Das, Sayantan"]
[Black "Srivastava, Y.P."]
[Result "1-0"]
[ECO "B07"]
[WhiteElo "2440"]
[BlackElo "2114"]
[Annotator "NA"]
[PlyCount "76"]
[EventDate "2018.12.08"]
[EventType "swiss"]
[EventRounds "11"]
[EventCountry "IND"]
[SourceTitle "playchess.com"]
[Source "ChessBase"]
[SourceQuality "1"]
[TimeControl "40/5400+30:1800+30"]

1. e4 d6 2. d4 Nf6 3. Bd3 e5 4. c3 Nbd7 5. Nf3 Be7 6. O-O O-O 7. Nbd2 c6 8. Qe2 Re8 9. a4 Qc7 10. a5 h6 11. dxe5 Nxe5 12. Nxe5 dxe5 13. Bc4 Bf8 14. b4 Be6 15. Bxe6 Rxe6 16. Nc4 Nh5 17. Rd1 Qe7 18. g3 Rg6 19. Kh1 Qe6 20. Ne3 Qh3 21. Nf5 Qg4 22. Kg2 Nf4+ 23. Bxf4 exf4 24. f3 Qg5 25. Rd7 Re6 26. Qd2 g6 27. Nd4 Re7 28. Rxe7 Qxe7 29. Qxf4 c5 30. bxc5 Qxc5 31. Rb1 b6 32. axb6 axb6 33. Qd2 Ra3 34. Ne2 g5 35. Rb2 Qc7 36. Qd4 Kh7 37. Qf6 Bc5 38. Qf5+ Kg7 1-0

[Event "IND-ch Senior Open 2019"]
[Site "Mazitar"]
[Date "2019.12.11"]
[Round "2.17"]
[White "Surendran N"]
[Black "Akash G"]
[Result "0-1"]
[ECO "A28"]
[WhiteElo "2142"]
[BlackElo "2431"]
[Annotator "NA"]
[PlyCount "70"]
[EventDate "2018.12.08"]
[EventType "swiss"]
[EventRounds "11"]
[EventCountry "IND"]
[SourceTitle "playchess.com"]
[Source "ChessBase"]
[SourceQuality "1"]
[TimeControl "40/5400+30:1800+30"]

1. c4 e5 2. Nc3 Nf6 3. Nf3 Nc6 4. e3 Bb4 5. Qc2 Qe7 6. Nd5 Nxd5 7. cxd5 e4 8. dxc6 exf3 9. gxf3 dxc6 10. b3 Qf6 11. Bb2 Qxf3 12. Rg1 Bf5 13. Qc4 Bxd2+ 14. Kxd2 Qxf2+ 15. Be2 O-O-O+ 16. Bd4 Rhe8 17. Rg3 Re4 18. Rf1 Rdxd4+ 19. exd4 Rxd4+ 20. Rd3 Bxd3 21. Rxf2 Bxc4+ 22. Kc3 Bxe2 23. Kxd4 Bh5 24. Rg2 g6 25. Ke5 Bf3 26. Rf2 Bd5 27. b4 b6 28. b5 f5 29. h4 Kb7 30. Rd2 Be4 31. Rd7 cxb5 32. Rxh7 Bf3 33. Rg7 Bh5 34. Ke6 b4 35. Rd7 a5 0-1

[Event "IND-ch Senior Open 2019"]
[Site "Mazitar"]
[Date "2019.12.11"]
[Round "2.19"]
[White "Chilukuri Sai Varshith"]
[Black "Karthikeyan, P.."]
[Result "0-1"]
[ECO "E11"]
[WhiteElo "2118"]
[BlackElo "2423"]
[Annotator "NA"]
[PlyCount "73"]
[EventDate "2018.12.08"]
[EventType "swiss"]
[EventRounds "11"]
[EventCountry "IND"]
[SourceTitle "playchess.com"]
[Source "ChessBase"]
[SourceQuality "1"]
[TimeControl "40/5400+30:1800+30"]

1. d4 Nf6 2. c4 e6 3. Nf3 Bb4+ 4. Nbd2 O-O 5. a3 Be7 6. e4 d6 7. g3 c5 8. Bg2 cxd4 9. Nxd4 Nc6 10. N2b3 Ne5 11. Qe2 Qc7 12. Nd2 Qb6 13. N2b3 Bd7 14. f4 Ba4 15. fxe5 dxe5 16. c5 Qa6 17. Qxa6 bxa6 18. Na5 exd4 19. b4 e5 20. Bg5 h6 21. Bxf6 Bxf6 22. Bf1 Bd8 23. Nc4 Bc6 24. Bd3 f5 25. Nxe5 Bxe4 26. Bc4+ Kh7 27. O-O Bg5 28. Kf2 Be3+ 29. Ke2 Rfe8 30. Nd3 g5 31. Bxa6 f4 32. Bc4 Bg2 33. Rfb1 f3+ 34. Kd1 Bg1 35. Ne1 Bxh2 36. Bd3+ Kg7 37. Ra2 0-1

[Event "IND-ch Senior Open 2019"]
[Site "Mazitar"]
[Date "2019.12.11"]
[Round "2.20"]
[White "Mohammad Nubairshah Shaikh"]
[Black "Manishi, Krishna"]
[Result "1-0"]
[ECO "D90"]
[WhiteElo "2421"]
[BlackElo "2104"]
[Annotator "NA"]
[PlyCount "59"]
[EventDate "2018.12.08"]
[EventType "swiss"]
[EventRounds "11"]
[EventCountry "IND"]
[SourceTitle "playchess.com"]
[Source "ChessBase"]
[SourceQuality "1"]
[TimeControl "40/5400+30:1800+30"]

1. d4 Nf6 2. c4 g6 3. Nc3 d5 4. Nf3 Bg7 5. h4 O-O 6. cxd5 Nxd5 7. h5 c5 8. hxg6 hxg6 9. Bh6 Bxh6 10. Rxh6 Nxc3 11. bxc3 Kg7 12. Qd2 Rh8 13. Rxh8 Qxh8 14. Qg5 cxd4 15. Qe5+ Kg8 16. Qxe7 Nc6 17. Qe8+ Kg7 18. Qxh8+ Kxh8 19. cxd4 Bf5 20. Kd2 Kg7 21. e3 Nb4 22. a3 Nd5 23. Rc1 Rc8 24. Rxc8 Bxc8 25. e4 Nb6 26. Ne5 f6 27. Nc4 Nxc4+ 28. Bxc4 Kf8 29. f4 Ke7 30. e5 1-0

[Event "IND-ch Senior Open 2019"]
[Site "Mazitar"]
[Date "2019.12.11"]
[Round "2.21"]
[White "Ramu, K.."]
[Black "Gusain, Himal"]
[Result "0-1"]
[ECO "B47"]
[WhiteElo "2113"]
[BlackElo "2412"]
[Annotator "NA"]
[PlyCount "98"]
[EventDate "2018.12.08"]
[EventType "swiss"]
[EventRounds "11"]
[EventCountry "IND"]
[SourceTitle "playchess.com"]
[Source "ChessBase"]
[SourceQuality "1"]
[TimeControl "40/5400+30:1800+30"]

1. e4 c5 2. Nf3 Nc6 3. d4 cxd4 4. Nxd4 e6 5. Nc3 Qc7 6. g3 a6 7. Bg2 Nf6 8. O-O h5 9. h3 Bc5 10. Nde2 h4 11. g4 b5 12. Bf4 Ne5 13. Bh2 Bb7 14. Nf4 b4 15. g5 Nh7 16. g6 bxc3 17. gxf7+ Kxf7 18. Qh5+ Kg8 19. Ng6 d6 20. Nxh8 Kxh8 21. bxc3 Qf7 22. Qxf7 Nxf7 23. Kh1 Nf6 24. Rae1 e5 25. f4 Re8 26. fxe5 dxe5 27. Bg1 Bxg1 28. Kxg1 Nd6 29. Rf2 Bxe4 30. Bxe4 Ndxe4 31. Rf5 g6 32. Rf3 Kg7 33. c4 Nc5 34. Ref1 Re6 35. Rd1 e4 36. Re3 Rc6 37. Rb1 Nfd7 38. Rd1 Ne5 39. Rd5 Kf6 40. Kf2 Nxc4 41. Re1 Nd6 42. Rb1 Nf5 43. Rb4 e3+ 44. Ke2 Ne6 45. Ke1 Ng5 46. a4 Nxh3 47. Rxf5+ Kxf5 48. Rxh4 Nf4 49. Rh6 Rb6 0-1

[Event "IND-ch Senior Open 2019"]
[Site "Mazitar"]
[Date "2019.12.11"]
[Round "2.23"]
[White "Kamdar Udit"]
[Black "Padmini, Rout"]
[Result "1-0"]
[ECO "B23"]
[WhiteElo "2107"]
[BlackElo "2407"]
[Annotator "NA"]
[PlyCount "81"]
[EventDate "2018.12.08"]
[EventType "swiss"]
[EventRounds "11"]
[EventCountry "IND"]
[SourceTitle "playchess.com"]
[Source "ChessBase"]
[SourceQuality "1"]
[TimeControl "40/5400+30:1800+30"]

1. e4 c5 2. Nc3 e6 3. Nge2 Nc6 4. g3 d5 5. exd5 exd5 6. d4 Bg4 7. Bg2 Nxd4 8. h3 Bf3 9. Kf1 Bxg2+ 10. Kxg2 Nxe2 11. Qxe2+ Be7 12. Qb5+ Qd7 13. Qxd7+ Kxd7 14. Nxd5 Kc6 15. c4 Bd6 16. Re1 h5 17. Bd2 Rd8 18. Rad1 Nh6 19. Bg5 Rde8 20. Bxh6 Rxe1 21. Rxe1 Rxh6 22. f4 Rh8 23. Kf3 g6 24. Nc3 a6 25. Rd1 Rb8 26. a4 Bf8 27. b3 b6 28. Rd5 f5 29. Rd3 Bg7 30. Nd5 Rb7 31. Re3 Kd6 32. Re8 b5 33. Ra8 bxc4 34. bxc4 Rb3+ 35. Kg2 Rb2+ 36. Kf1 Bd4 37. Rxa6+ Kd7 38. Rxg6 Kc8 39. a5 Kb7 40. Rb6+ Ka7 41. Nc7 1-0

[Event "IND-ch Senior Open 2019"]
[Site "Mazitar"]
[Date "2019.12.11"]
[Round "2.25"]
[White "Singh, Soram Rahul"]
[Black "Himanshu, Sharma"]
[Result "0-1"]
[ECO "A50"]
[WhiteElo "2088"]
[BlackElo "2392"]
[Annotator "NA"]
[PlyCount "64"]
[EventDate "2018.12.08"]
[EventType "swiss"]
[EventRounds "11"]
[EventCountry "IND"]
[SourceTitle "playchess.com"]
[Source "ChessBase"]
[SourceQuality "1"]
[TimeControl "40/5400+30:1800+30"]

1. d4 Nf6 2. c4 c6 3. Nc3 d5 4. e3 a6 5. Nf3 b5 6. b3 Bg4 7. h3 Bh5 8. g4 Bg6 9. Ne5 e6 10. h4 Bb4 11. Bd2 dxc4 12. h5 Bd3 13. Bxd3 cxd3 14. Nxd3 Be7 15. Qf3 Nd5 16. Ne4 Nd7 17. Rc1 Qb6 18. g5 Rf8 19. Qh3 O-O-O 20. g6 hxg6 21. hxg6 f5 22. Nec5 Nxc5 23. Nxc5 Bxc5 24. Rxc5 e5 25. Rg1 exd4 26. exd4 Qc7 27. Kd1 Rde8 28. f3 Kb7 29. Re1 Rxe1+ 30. Kxe1 Qe7+ 31. Kd1 Qf6 32. Rc2 Qxd4 0-1

[Event "IND-ch Senior Open 2019"]
[Site "Mazitar"]
[Date "2019.12.11"]
[Round "3.1"]
[White "Gupta, Abhijeet"]
[Black "Mohammad Nubairshah Shaikh"]
[Result "1-0"]
[ECO "D15"]
[WhiteElo "2611"]
[BlackElo "2421"]
[Annotator "ChessBase"]
[PlyCount "38"]
[EventDate "2018.12.08"]
[EventType "swiss"]
[EventCountry "IND"]
[SourceTitle "playchess.com"]
[Source "ChessBase"]
[SourceQuality "1"]
[TimeControl "40/5400+30:1800+30"]

1. d4 d5 2. c4 c6 3. Nf3 Nf6 4. Nc3 dxc4 5. e4 b5 6. Be2 e6 7. O-O Be7 8. a4 b4 9. e5 bxc3 10. exf6 Bxf6 11. bxc3 Ba6 12. Ne5 O-O 13. Bf3 Nd7 14. Nxc6 Qc7 15. Rb1 Nb6 16. Nb4 Bb7 17. a5 Nd5 18. a6 Bc6 19. Bxd5 exd5 1-0

[Event "IND-ch Senior Open 2019"]
[Site "Mazitar"]
[Date "2019.12.11"]
[Round "3.2"]
[White "Karthikeyan, P.."]
[Black "Aravindh, Chithambaram VR."]
[Result "0-1"]
[ECO "D37"]
[WhiteElo "2423"]
[BlackElo "2605"]
[Annotator "ChessBase"]
[PlyCount "70"]
[EventDate "2018.12.08"]
[EventType "swiss"]
[EventCountry "IND"]
[SourceTitle "playchess.com"]
[Source "ChessBase"]
[SourceQuality "1"]
[TimeControl "40/5400+30:1800+30"]

1. d4 Nf6 2. Nf3 d5 3. c4 e6 4. Nc3 a6 5. cxd5 exd5 6. Bg5 Be6 7. e3 Nbd7 8. Bd3 c6 9. Ne5 Be7 10. f4 Ng8 11. Bxe7 Nxe7 12. Qc2 f6 13. Nxd7 Qxd7 14. Na4 Qc7 15. Nc5 Bc8 16. O-O-O g6 17. h4 b6 18. Na4 Bg4 19. Be2 Bxe2 20. Qxe2 h5 21. g4 hxg4 22. Qxg4 Rh5 23. Qe6 Rd8 24. Qxf6 Rd6 25. Qg7 Re6 26. Rd3 Qd6 27. Rg1 Rf6 28. Rg5 Rxh4 29. Nxb6 Rhxf4 30. Re5 Rf1+ 31. Rd1 Qb4 32. Qg8+ Rf8 33. Qe6 Rxd1+ 34. Kxd1 Rf1+ 35. Ke2 Qb5+ 0-1

[Event "IND-ch Senior Open 2019"]
[Site "Mazitar"]
[Date "2019.12.11"]
[Round "3.4"]
[White "Lalith Babu M R"]
[Black "Rajesh, V A V"]
[Result "1-0"]
[ECO "A22"]
[WhiteElo "2556"]
[BlackElo "2393"]
[Annotator "ChessBase"]
[PlyCount "22"]
[EventDate "2018.12.08"]
[EventType "swiss"]
[EventCountry "IND"]
[SourceTitle "playchess.com"]
[Source "ChessBase"]
[SourceQuality "1"]
[TimeControl "40/5400+30:1800+30"]

1. c4 Nf6 2. Nc3 e5 3. g3 Bb4 4. Bg2 O-O 5. Nf3 Re8 6. O-O Nc6 7. Nd5 Bc5 8. d3 h6 9. Nd2 Nxd5 10. cxd5 Nd4 11. e3 Nf5 1-0

[Event "IND-ch Senior Open 2019"]
[Site "Mazitar"]
[Date "2019.12.11"]
[Round "3.5"]
[White "Himanshu, Sharma"]
[Black "Ghosh, Diptayan"]
[Result "1/2-1/2"]
[ECO "B12"]
[WhiteElo "2392"]
[BlackElo "2555"]
[Annotator "ChessBase"]
[PlyCount "72"]
[EventDate "2018.12.08"]
[EventType "swiss"]
[EventCountry "IND"]
[SourceTitle "playchess.com"]
[Source "ChessBase"]
[SourceQuality "1"]
[TimeControl "40/5400+30:1800+30"]

1. e4 c6 2. d4 d5 3. e5 c5 4. c3 Nc6 5. Ne2 Bd7 6. f4 e6 7. Nd2 cxd4 8. Nxd4 Nxd4 9. cxd4 Qa5 10. Kf2 Ne7 11. Nf3 Nc6 12. Qb3 Qb4 13. Qxb4 Bxb4 14. Be3 Be7 15. Rc1 O-O 16. Bd3 Rac8 17. g4 a5 18. Bd2 a4 19. a3 b5 20. Ke3 b4 21. axb4 Nxb4 22. Rxc8 Rxc8 23. Ne1 Rb8 24. Bb1 Bb5 25. Bc3 Bc4 26. Nd3 Bxd3 27. Bxd3 Na2 28. Rb1 Rb3 29. Be1 Bb4 30. Ra1 Rxb2 31. Bxb4 Nxb4 32. Rxa4 g6 33. Be2 Rb3+ 34. Kd2 Rb2+ 35. Ke3 Rb3+ 36. Kd2 Rb2+ {Bd3} 1/2-1/2

[Event "IND-ch Senior Open 2019"]
[Site "Mazitar"]
[Date "2019.12.11"]
[Round "3.7"]
[White "Harshavardhan G B"]
[Black "Deepan Chakkravarthy J."]
[Result "0-1"]
[ECO "B48"]
[WhiteElo "2344"]
[BlackElo "2535"]
[Annotator "ChessBase"]
[PlyCount "144"]
[EventDate "2018.12.08"]
[EventType "swiss"]
[EventRounds "11"]
[EventCountry "IND"]
[SourceTitle "playchess.com"]
[Source "ChessBase"]
[SourceQuality "1"]
[TimeControl "40/5400+30:1800+30"]

1. d4 e6 2. Nf3 c5 3. e4 cxd4 4. Nxd4 Nc6 5. Nc3 Qc7 6. Be3 a6 7. Qd2 Nf6 8. O-O-O b5 9. f3 Bb4 10. Nxc6 Qxc6 11. Bd4 Be7 12. Bd3 b4 13. Ne2 a5 14. Kb1 Qc7 15. g4 e5 16. Be3 d6 17. g5 Nd7 18. f4 Rb8 19. Ng3 exf4 20. Bxf4 g6 21. Nf1 Ne5 22. Ne3 Be6 23. Nd5 Bxd5 24. exd5 Bf8 25. Bxe5 dxe5 26. h4 h5 27. gxh6 Rxh6 28. Qe3 Qd6 29. Rde1 Bg7 30. h5 Rxh5 31. Rxh5 gxh5 32. Rg1 Kf8 33. Qg3 Bf6 34. Rf1 Ke7 35. Qf2 Rb7 36. Be4 a4 37. Qe2 h4 38. Qc4 Rc7 39. Qb5 a3 40. bxa3 bxa3 41. c4 Bg5 42. Kc2 Bf4 43. Kd3 h3 44. Rg1 Qc5 45. Qxc5+ Rxc5 46. Rb1 h2 47. Rb7+ Kf8 48. Rb8+ Kg7 49. Rb7 Kf6 50. Rb8 Kg7 51. Rb7 Rc8 52. Rb1 Kf6 53. Bh1 Kg5 54. d6 e4+ 55. Bxe4 Bxd6 56. Rf1 Bf4 57. Kd4 f5 58. Bd5 Bd6 59. Kc3 Bc5 60. Rb1 Rh8 61. Kc2 Rh3 62. Rb5 Bd4 63. Bh1 Rc3+ 64. Kd2 Rxc4 65. Kd3 Rc1 66. Be4 Bc5 67. Ba8 Kg4 68. Kd2 h1=Q 69. Bxh1 Rxh1 70. Rxc5 Rh2+ 71. Kc3 Rxa2 72. Kb3 Ra1 0-1

[Event "IND-ch Senior Open 2019"]
[Site "Mazitar"]
[Date "2019.12.11"]
[Round "3.8"]
[White "Visakh N R"]
[Black "Nitin, S.."]
[Result "0-1"]
[ECO "A45"]
[WhiteElo "2516"]
[BlackElo "2329"]
[Annotator "ChessBase"]
[PlyCount "92"]
[EventDate "2018.12.08"]
[EventType "swiss"]
[EventRounds "11"]
[EventCountry "IND"]
[SourceTitle "playchess.com"]
[Source "ChessBase"]
[SourceQuality "1"]
[TimeControl "40/5400+30:1800+30"]

1. d4 Nf6 2. Bg5 c5 3. Bxf6 gxf6 4. d5 Qb6 5. Qc1 f5 6. c4 Bg7 7. Nc3 d6 8. e3 Nd7 9. Nh3 Ne5 10. Qc2 Bd7 11. Be2 O-O-O 12. Nf4 Rhg8 13. a3 Ng6 14. Nh5 Bh8 15. O-O-O Qa5 16. Rhg1 Kb8 17. f4 a6 18. Bd3 b5 19. Nb1 b4 20. axb4 Qxb4 21. Nc3 Kc7 22. Rd2 Rb8 23. Kd1 Qa5 24. Ke2 Rxb2 25. Qxb2 Bxc3 26. Qc1 Bxd2 27. Qxd2 Qxd2+ 28. Kxd2 Nh4 29. Ng3 Rb8 30. Ne2 Rg8 31. Ng3 e6 32. Ra1 Bc8 33. Bf1 Bb7 34. dxe6 fxe6 35. Ke1 Nxg2+ 36. Bxg2 Bxg2 37. Rxa6 Bb7 38. Ra3 h6 39. Kf2 Rg4 40. Ra1 h5 41. Rg1 h4 42. Nf1 Rxg1 43. Kxg1 Kb6 44. Kf2 Ka5 45. Ke2 Kb4 46. Nd2 Kc3 0-1

[Event "IND-ch Senior Open 2019"]
[Site "Mazitar"]
[Date "2019.12.11"]
[Round "3.9"]
[White "Senthil Maran K"]
[Black "Vishnu Prasanna. V"]
[Result "1/2-1/2"]
[ECO "E00"]
[WhiteElo "2305"]
[BlackElo "2493"]
[Annotator "ChessBase"]
[PlyCount "60"]
[EventDate "2018.12.08"]
[EventType "swiss"]
[EventRounds "11"]
[EventCountry "IND"]
[SourceTitle "playchess.com"]
[Source "ChessBase"]
[SourceQuality "1"]
[TimeControl "40/5400+30:1800+30"]

1. d4 Nf6 2. c4 e6 3. g3 Bb4+ 4. Bd2 Be7 5. Bg2 d5 6. Nf3 Nbd7 7. Qc2 c6 8. O-O b6 9. b3 Bb7 10. Nc3 Rc8 11. e4 dxe4 12. Ng5 c5 13. Be3 Ng4 14. Ngxe4 Nxe3 15. fxe3 Bxe4 16. Nxe4 Nf6 17. Rad1 cxd4 18. exd4 O-O 19. d5 exd5 20. Nxf6+ Bxf6 21. Rxd5 Qe7 22. Qf5 Rc7 23. Be4 g6 24. Qxf6 Qxe4 25. Rd8 Qe3+ 26. Kg2 Qe2+ 27. Rf2 Qe4+ 28. Kg1 Qe1+ 29. Kg2 Qe4+ 30. Kg1 Qe1+ 1/2-1/2

[Event "IND-ch Senior Open 2019"]
[Site "Mazitar"]
[Date "2019.12.11"]
[Round "3.10"]
[White "Anurag, Mhamal"]
[Black "Roy Chowdhury, Saptarshi"]
[Result "1/2-1/2"]
[ECO "D02"]
[WhiteElo "2490"]
[BlackElo "2294"]
[Annotator "ChessBase"]
[PlyCount "60"]
[EventDate "2018.12.08"]
[EventType "swiss"]
[EventRounds "11"]
[EventCountry "IND"]
[SourceTitle "playchess.com"]
[Source "ChessBase"]
[SourceQuality "1"]
[TimeControl "40/5400+30:1800+30"]

1. d4 d5 2. Nf3 Bf5 3. c4 e6 4. Qb3 Nc6 5. c5 Rb8 6. e3 a6 7. Nc3 Nf6 8. Qa4 Qd7 9. b4 Bg4 10. b5 axb5 11. Bxb5 Bxf3 12. Rb1 Rc8 13. gxf3 Be7 14. Ne2 O-O 15. Nf4 Ra8 16. Qc2 Ne8 17. Nd3 Bf6 18. f4 g6 19. Bd2 Ng7 20. Nb4 Nxb4 21. Rxb4 c6 22. Bd3 Ra7 23. Ke2 Rfa8 24. Rhb1 Bh4 25. a4 e5 26. dxe5 Qg4+ 27. Kf1 Qh3+ 28. Kg1 Qg4+ 29. Kf1 Qh3+ 30. Kg1 Qg4+ 1/2-1/2

[Event "IND-ch Senior Open 2019"]
[Site "Mazitar"]
[Date "2019.12.11"]
[Round "3.11"]
[White "Harshad S"]
[Black "Vignesh N R"]
[Result "1/2-1/2"]
[ECO "B20"]
[WhiteElo "2291"]
[BlackElo "2475"]
[Annotator "ChessBase"]
[PlyCount "85"]
[EventDate "2018.12.08"]
[EventType "swiss"]
[EventRounds "11"]
[EventCountry "IND"]
[SourceTitle "playchess.com"]
[Source "ChessBase"]
[SourceQuality "1"]
[TimeControl "40/5400+30:1800+30"]

1. e4 c5 2. Be2 Nc6 3. f4 g6 4. Nf3 Bg7 5. O-O d5 6. d3 Nf6 7. e5 Nd7 8. c3 d4 9. cxd4 cxd4 10. Na3 O-O 11. Nc2 Nb6 12. Bd2 Nd5 13. Rb1 a5 14. Qe1 f6 15. exf6 Bxf6 16. Qg3 Ndb4 17. Nxb4 axb4 18. Bd1 Be6 19. f5 Bxf5 20. Bb3+ e6 21. Ng5 Bxg5 22. Bxg5 Qd7 23. Rbe1 Rae8 24. Bd2 Rf7 25. Qf3 h5 26. Qg3 Kh7 27. Ba4 Qc7 28. Rxf5 gxf5 29. Qg5 Qe7 30. Qxh5+ Kg8 31. Bg5 Rh7 32. Bh6 Kh8 33. Qg6 Rg8 34. Qxe6 Qh4 35. Bxc6 Qxh6 36. Qxh6 Rxh6 37. Bxb7 Rd6 38. Re5 Rb8 39. Bf3 Ra6 40. Bd5 Ra5 41. Rxf5 Rd8 42. Be6 Rxf5 43. Bxf5 1/2-1/2

[Event "IND-ch Senior Open 2019"]
[Site "Mazitar"]
[Date "2019.12.11"]
[Round "3.12"]
[White "Gajwa Ankit"]
[Black "Das, Arghyadip"]
[Result "1/2-1/2"]
[ECO "B43"]
[WhiteElo "2274"]
[BlackElo "2459"]
[Annotator "ChessBase"]
[PlyCount "68"]
[EventDate "2018.12.08"]
[EventType "swiss"]
[EventRounds "11"]
[EventCountry "IND"]
[SourceTitle "playchess.com"]
[Source "ChessBase"]
[SourceQuality "1"]
[TimeControl "40/5400+30:1800+30"]

1. e4 c5 2. Nf3 e6 3. d4 cxd4 4. Nxd4 a6 5. Nc3 Qc7 6. Bd3 Nf6 7. Qe2 d6 8. f4 Be7 9. Bd2 b5 10. a3 Nbd7 11. g4 Nb6 12. g5 Nfd7 13. O-O-O Bb7 14. Rhf1 Rc8 15. Kb1 Nc4 16. Be1 Ndb6 17. f5 Bxg5 18. fxe6 O-O 19. Qh5 Be3 20. exf7+ Rxf7 21. Nf5 g6 22. Nh6+ Bxh6 23. Qxh6 Ne5 24. Rxf7 Qxf7 25. Be2 d5 26. Bg3 Ned7 27. Rf1 Qe6 28. h3 Rf8 29. Rxf8+ Nxf8 30. Bg4 Qf7 31. exd5 Nxd5 32. Nxd5 Bxd5 33. Qf4 Qxf4 34. Bxf4 Ne6 1/2-1/2

[Event "IND-ch Senior Open 2019"]
[Site "Mazitar"]
[Date "2019.12.11"]
[Round "3.13"]
[White "Shyaamnikhil P"]
[Black "Aaryan Varshney"]
[Result "1/2-1/2"]
[ECO "B91"]
[WhiteElo "2455"]
[BlackElo "2269"]
[Annotator "ChessBase"]
[PlyCount "105"]
[EventDate "2018.12.08"]
[EventType "swiss"]
[EventRounds "11"]
[EventCountry "IND"]
[SourceTitle "playchess.com"]
[Source "ChessBase"]
[SourceQuality "1"]
[TimeControl "40/5400+30:1800+30"]

1. e4 c5 2. Nf3 d6 3. Nc3 Nf6 4. d4 cxd4 5. Nxd4 a6 6. g3 e5 7. Nde2 Be7 8. Bg2 O-O 9. h3 Be6 10. g4 Nc6 11. Nd5 Bxd5 12. exd5 Na5 13. Ng3 Re8 14. g5 Nd7 15. h4 b5 16. b3 Rc8 17. Be3 Nf8 18. Bh3 Rb8 19. Kf1 Ng6 20. Ne4 Nf4 21. Bxf4 exf4 22. Qf3 Qc7 23. Kg2 Nb7 24. b4 Bf8 25. Qd3 Re5 26. f3 Qb6 27. Rae1 a5 28. a3 Nd8 29. Re2 Rb7 30. Rg1 Rc7 31. Kh1 Kh8 32. Rd1 Rc4 33. Qd2 axb4 34. axb4 Qb7 35. Bf1 Be7 36. Rg2 Rc7 37. Rg4 Qc8 38. Qxf4 Rxc2 39. Rg2 Rxg2 40. Kxg2 Qc2+ 41. Qd2 Qxd2+ 42. Rxd2 f6 43. Bxb5 fxg5 44. Bd7 gxh4 45. b5 g5 46. b6 h5 47. Rd4 Kg7 48. Bc8 Bf6 49. Rb4 Rxd5 50. b7 Nxb7 51. Rxb7+ Kg6 52. Be6 Rd4 53. Bf7+ 1/2-1/2

[Event "IND-ch Senior Open 2019"]
[Site "Mazitar"]
[Date "2019.12.11"]
[Round "3.14"]
[White "Laxman, R.R."]
[Black "Kamdar Udit"]
[Result "1-0"]
[ECO "A46"]
[WhiteElo "2444"]
[BlackElo "2107"]
[Annotator "ChessBase"]
[PlyCount "101"]
[EventDate "2018.12.08"]
[EventType "swiss"]
[EventRounds "11"]
[EventCountry "IND"]
[SourceTitle "playchess.com"]
[Source "ChessBase"]
[SourceQuality "1"]
[TimeControl "40/5400+30:1800+30"]

1. d4 c6 2. Nf3 Nf6 3. Bf4 d5 4. e3 Qb6 5. Qc1 Bf5 6. h3 Nbd7 7. Bd3 Bxd3 8. cxd3 c5 9. Be5 e6 10. O-O cxd4 11. Bxd4 Bc5 12. Bxc5 Nxc5 13. Qc2 O-O 14. Rc1 Na6 15. a3 Qd8 16. Nbd2 Rc8 17. Qa4 Nc5 18. Qd4 Qb6 19. b4 Na4 20. Nb3 Qxd4 21. Nbxd4 a6 22. Ne5 Nb6 23. Nb3 Rxc1+ 24. Rxc1 Rc8 25. Rc5 Ne8 26. Nd7 Rxc5 27. Ndxc5 Nd6 28. Na5 Nb5 29. Naxb7 Nxa3 30. Kf1 d4 31. e4 Kf8 32. Nxa6 Na4 33. Nbc5 Nc3 34. Nb8 Nc2 35. Nc6 Ke8 36. f4 g6 37. g3 f5 38. Kf2 Kf7 39. e5 h6 40. Nd8+ Ke7 41. Nc6+ Kf7 42. h4 g5 43. hxg5 hxg5 44. fxg5 Nb5 45. Ke2 Nc7 46. Kd2 Ne3 47. Nxd4 Nf1+ 48. Ke1 Nxg3 49. b5 Nd5 50. Ndxe6 f4 51. Nxf4 1-0

[Event "IND-ch Senior Open 2019"]
[Site "Mazitar"]
[Date "2019.12.11"]
[Round "3.15"]
[White "Pranav Vijay"]
[Black "Das, Sayantan"]
[Result "1/2-1/2"]
[ECO "C19"]
[WhiteElo "2265"]
[BlackElo "2440"]
[Annotator "ChessBase"]
[PlyCount "150"]
[EventDate "2018.12.08"]
[EventType "swiss"]
[EventRounds "11"]
[EventCountry "IND"]
[SourceTitle "playchess.com"]
[Source "ChessBase"]
[SourceQuality "1"]
[TimeControl "40/5400+30:1800+30"]

1. e4 e6 2. d4 d5 3. Nc3 Bb4 4. e5 c5 5. a3 Bxc3+ 6. bxc3 Ne7 7. h4 Qa5 8. Bd2 Qa4 9. Nf3 b6 10. h5 h6 11. Rh4 Nf5 12. Rf4 c4 13. Nh4 Nc6 14. Qg4 Rg8 15. Qf3 Nce7 16. g3 Bd7 17. Ng2 Nc6 18. g4 Nfe7 19. Ne3 Rf8 20. Bh3 b5 21. Kf1 Qa6 22. Kg1 Qb6 23. Qg2 a5 24. g5 hxg5 {[%emt 0:00:00] -error} 25. Qxg5 f5 26. exf6 gxf6 27. Qh4 f5 28. Ng2 O-O-O 29. Re1 Rh8 30. Rf3 Rdg8 31. h6 b4 32. axb4 axb4 33. Rb1 Qa7 34. Rg3 Rxg3 35. Qxg3 Rh7 36. Qd6 Qa2 37. Re1 b3 38. Bf4 Kd8 39. Rxe6 b2 40. Bxf5 b1=Q+ 41. Re1 Qxe1+ 42. Nxe1 Nxf5 43. Qf8+ Be8 44. Qxf5 Qa1 45. Qxh7 Qxe1+ 46. Kg2 Qe7 47. Qf5 Bd7 48. Qxd5 Qh7 49. Qg5+ Ke8 50. Bd6 Bf5 51. d5 Nd8 52. Kh2 Bxc2 53. f3 Kd7 54. Bb4 Qf7 55. Qg4+ Bf5 56. Qxc4 Qh5+ 57. Kg3 Qh3+ 58. Kf2 Qxh6 59. Qb5+ Kc8 60. Qc5+ Kb8 61. Qe7 Qd2+ 62. Kg3 Qxd5 63. Bd6+ Ka8 64. Qxd8+ Kb7 65. Qc7+ Ka6 66. c4 Qb7 67. Qc5 Qg7+ 68. Kf4 Bd7 69. Qa3+ Kb7 70. Be5 Qf7+ 71. Ke3 Qxc4 72. Qd6 Qc6 73. Qb8+ Ka6 74. Qb2 Qb6+ 75. Qxb6+ Kxb6 1/2-1/2